 Dungeon Crawl Stone Soup version 0.25-a0-505-gae4569222e (webtiles) character file.

Game seed: 11721812949385354825, levelgen mode: deterministic

16816 kae the Martial Artist (level 12, 0/151 HPs)
             Began as a Demonspawn Gladiator on Feb 14, 2020.
             Was an Elder of Wu Jian.
             Slain by a yak (9 damage)
             ... in an ice cave.
             The game lasted 00:16:01 (13003 turns).

kae the Martial Artist (Demonspawn Gladiator)      Turns: 13003, Time: 00:16:02

Health: 0/151      AC:  6    Str: 20    XL:     12   Next: 13%
Magic:  0/21       EV: 11    Int:  5    God:    Wu Jian [****..]
Gold:   652        SH:  0    Dex: 24    Spells: 11/11 levels left

rFire    + . .     SeeInvis +     - Unarmed
rCold    + . .     Gourm    +   (no shield)
rNeg     . . .     Faith    .   r - +0 scale mail "Qifolol" {Int-5 Dex+3} (curse)
rPois    +         Spirit   +   (helmet restricted)
rElec    .         Reflect  .   E - scarf {rC+ rF+}
rCorr    .         Harm     .   (no gloves)
MR       +....                  (boots unavailable)
Stlth    ..........             x - amulet of the gourmand
HPRegen  0.35/turn              y - ring of magical power
MPRegen  0.34/turn              l - ring of see invisible

@: mighty, berserking (expiring), very quick
A: claws 2, hooves 3, horns 1, agile 1, demonic guardian 1, magic resistance 1,
poison resistance, magic shield, magic regeneration
a: Wall Jump, Serpent's Lash, Renounce Religion


You were in an ice cave.
You worshipped Wu Jian.
Wu Jian was greatly pleased with you.
You were very full.

You visited 2 branches of the dungeon, and saw 12 of its levels.
You also visited: Ice Cave.

You collected 652 gold pieces.

Inventory:

Missiles
 c - 3 throwing nets (quivered)
Armour
 a - a +0 leather armour
 q - a +1 cloak
 r - the cursed +0 scale mail "Qifolol" (worn) {Int-5 Dex+3}
   (You found it on level 5 of the Dungeon)

   It affects your intelligence (-5).
   It affects your dexterity (+3).
   If you remove this armour, your AC will decrease by 6 (6 -> 0).
   It has a curse placed upon it.
 t - the cursed +0 scale mail "Saunt" {MR- rCorr Slay+3}
   (You found it on level 5 of the Dungeon)

   It affects your accuracy and damage with ranged weapons and melee attacks
   (+3).
   It affects your resistance to hostile enchantments.
   It provides partial protection from all sources of acid and corrosion.
   If you switch to wearing this armour, your AC will remain unchanged.
   It has a curse placed upon it.
 E - a scarf of resistance (worn)
Jewellery
 k - an uncursed ring of resist corrosion
 l - a ring of see invisible (right claw)
 m - an uncursed ring of fire
 x - an amulet of the gourmand (around neck)
 y - a ring of magical power (left claw)
 D - an uncursed ring of protection from fire
Wands
 p - a wand of flame (18)
 B - a wand of enslavement (7)
 G - a wand of acid (7)
 I - a wand of scattershot (5)
Scrolls
 g - 5 scrolls of remove curse
 o - 2 scrolls of enchant armour
 u - 4 scrolls of teleportation
 F - a scroll of enchant weapon
Potions
 e - 3 potions of flight
 f - 2 potions of ambrosia
 i - a potion of curing
 j - a potion of brilliance
 s - a potion of resistance
 w - 2 potions of agility
 z - a potion of magic
 C - 2 potions of haste {unknown}
Comestibles
 d - 16 rations


   Skills:
 + Level 11.6 Fighting
 - Level 1.7 Throwing
 - Level 2.6 Dodging
 * Level 14.5 Unarmed Combat


You had 11 spell levels left.
You didn't know any spells.
Your spell library contained the following spells:

 Spells                   Type           Power        Failure   Level  Hunger
 Apportation              Tloc           #.....       85%         1    ##.....
 Summon Butterflies       Summ           #.......     85%         1    ##.....
 Lesser Beckoning         Tloc           #.........   99%         3    ####...
 Tukima's Dance           Hex            #.......     99%         3    ####...
 Alistair's Intoxication  Tmut/Pois      #.......     100%        5    ######.
 Invisibility             Hex            #.......     100%        6    #######


Dungeon Overview and Level Annotations

Branches:
Dungeon (11/15)            Temple (1/1) D:6            Lair (0/6) D:11
    Orc (0/2) D:10          IceCv (1/1)

Altars:
Ashenzari
Cheibriados
Dithmenos
Elyvilon
Fedhas
Gozag
Hepliaklqana
Kikubaaqudgha
Makhleb
Nemelex Xobeh
Okawaru
Qazlal
Ru
Sif Muna
Trog
Uskayaw
Vehumet
Wu Jian
Xom
Yredelemnul
Zin
The Shining One

Shops:
D:7 ([(*(

Annotations:
D:11 exclusion: oklob plant


Innate Abilities, Weirdness & Mutations

You have very sharp fingernails.
You have hooves in place of feet.
You have a pair of small horns on your head.
A weak demonic guardian rushes to your aid.
When hurt, damage is shared between your health and your magic reserves.
You regenerate magic rapidly.
You are agile. (Dex +2)
You are resistant to hostile enchantments. (MR+)
Your system is resistant to poisons. (rPois)


Message History

The polar bear bites you.
* * * LOW HITPOINT WARNING * * *
The polar bear claws you but does no damage.
The polar bear closely misses you.
The yak bellows!
You claw the polar bear! Your kick misses the polar bear.
The polar bear is almost dead.
You scratch the polar bear. You kick the polar bear.
You kill the polar bear!
The Council accepts your kill. The yak barely misses your quasit.
You swap places.
The polar bear growls angrily.
The polar bear bites you!
* * * LOW HITPOINT WARNING * * *
The polar bear claws you.
* * * LOW HITPOINT WARNING * * *
The polar bear claws you but does no damage.
The yak gores you!
You die...

≈#≈#≈≈## ###..#
≈≈≈≈≈≈≈####..##
≈≈≈≈≈≈≈≈≈###..##
#≈≈#≈≈≈≈ ###..# #
#####≈≈≈####≈≈.##
#.
###...##≈≈≈#≈≈####


hC. ##..##..≈#≈≈≈≈## .Yhh #..#####.≈≈#≈≈≈### #hYhY ########Y@#..#######≈≈≈#
#...##h..##..h#5.#$# ##≈≈≈≈≈ #hh.##...####### $# ##### ########## .# # You could
see a polar bear, a yak and a friendly quasit.

Vanquished Creatures
  A frost giant (IceCv)
  A death yak (IceCv)
  2 two-headed ogres
  2 unseen horrors (D:10)
  2 ugly things (D:11)
  An ice statue (IceCv)
  12 polar bears (IceCv)
  2 hippogriffs
  Sigmund (D:3)
  20 yaks
  A wraith (D:10)
  A hungry ghost (D:10)
  A two-headed ogre zombie (D:10)
  2 acid dragons
  4 ice beasts
  3 orc warriors
  A black bear (D:6)
  2 sky beasts
  2 necrophages
  4 ogres
  3 phantoms
  8 wolves (IceCv)
  5 centaurs
  6 big kobolds
  2 bullfrogs
  2 scorpions
  4 wights (D:6)
  5 howler monkeys
  5 crimson imps
  A bullfrog zombie (D:7)
  2 centaur zombies
  A quasit (D:11)
  7 hounds
  2 jellies
  3 orc priests
  3 bullfrog skeletons
  6 orc wizards
  A centaur skeleton (D:6)
  3 iguanas
  4 worker ants
  7 ogre zombies (D:10)
  3 hound zombies
  2 hound skeletons
  Robin (D:3)
  A worker ant zombie (D:6)
  9 adders
  3 shadow imps
  An ooze (D:2)
  An adder zombie (D:10)
  2 adder skeletons
  2 worms
  2 dart slugs
  3 leopard geckos
  28 orcs
  6 bats
  6 giant cockroaches
  17 goblins
  12 hobgoblins
  15 jackals
  6 quokkas
  8 frilled lizards
  A goblin skeleton (D:10)
  6 goblin zombies (D:10)
  3 hobgoblin zombies (D:10)
  32 kobolds
  3 orc skeletons (D:10)
  10 orc zombies (D:10)
  2 quokka skeletons (D:4)
  A quokka zombie (D:6)
  8 rats
339 creatures vanquished.

Vanquished Creatures (collateral kills)
  A hippogriff (D:8)
  A black bear (D:8)
  A worker ant (D:11)
  An orc (D:10)
  A hobgoblin skeleton (D:10)
  A hobgoblin zombie (D:10)
6 creatures vanquished.

Vanquished Creatures (others)
  A yak (IceCv)
  6 wolves (IceCv)
7 creatures vanquished.

Grand Total: 352 creatures vanquished

Notes
Turn   | Place    | Note
-------+----------+-------------------------------------------
     0 | D:1      | kae the Demonspawn Gladiator began the quest for the Orb.
     0 | D:1      | Reached XP level 1. HP: 16/16 MP: 1/1
   215 | D:1      | Reached skill level 3 in Unarmed Combat
   327 | D:1      | Gained mutation: You have large cloven feet. [demonic
                  | ancestry]
   327 | D:1      | Reached XP level 2. HP: 14/22 MP: 2/2
   996 | D:2      | Reached XP level 3. HP: 28/28 MP: 3/3
  1876 | D:3      | Noticed Robin
  1895 | D:3      | Killed Robin
  1895 | D:3      | Reached skill level 4 in Unarmed Combat
  1895 | D:3      | Gained mutation: When hurt, damage is shared between your
                  | health and your magic reserves. [demonic ancestry]
  1895 | D:3      | Reached XP level 4. HP: 27/35 MP: 4/4
  2230 | D:3      | Found a burning altar of Makhleb.
  2290 | D:3      | Noticed Sigmund
  2313 | D:3      | Killed Sigmund
  2313 | D:3      | Reached skill level 5 in Unarmed Combat
  2313 | D:3      | Gained mutation: You have hoof-like feet. [demonic
                  | ancestry]
  2313 | D:3      | Reached XP level 5. HP: 25/42 MP: 5/5
  2386 | D:3      | Gained mutation: You have hooves in place of feet. [demonic
                  | ancestry]
  2386 | D:3      | Reached XP level 6. HP: 46/48 MP: 6/6
  2677 | D:3      | Found a faded altar of an unknown god.
  2855 | D:4      | Found a white marble altar of Elyvilon.
  3442 | D:5      | Entered Level 5 of the Dungeon
  3448 | D:5      | Reached skill level 6 in Unarmed Combat
  3469 | D:5      | Gained mutation: You are resistant to hostile enchantments.
                  | (MR+) [potion of mutation]
  3469 | D:5      | Gained mutation: Your system is resistant to poisons.
                  | (rPois) [potion of mutation]
  3469 | D:5      | Gained mutation: You are agile. (Dex +2) [potion of
                  | mutation]
  3711 | D:5      | Got a fine scale mail
  3712 | D:5      | Identified the cursed +0 scale mail "Saunt" {MR- rCorr
                  | Slay+3} (You found it on level 5 of the Dungeon)
  3803 | D:5      | Gained mutation: You have a pair of small horns on your
                  | head. [demonic ancestry]
  3803 | D:5      | Reached XP level 7. HP: 47/55 MP: 5/7
  3876 | D:5      | Reached skill level 5 in Fighting
  4192 | D:5      | Got a twisted scale mail
  4193 | D:5      | Identified the cursed +0 scale mail "Qifolol" {Int-5 Dex+3}
                  | (You found it on level 5 of the Dungeon)
  4256 | D:5      | Reached skill level 7 in Unarmed Combat
  4850 | D:6      | Gained mutation: You have sharp fingernails. [demonic
                  | ancestry]
  4850 | D:6      | Reached XP level 8. HP: 63/63 MP: 6/8
  4950 | D:6      | Found a staircase to the Ecumenical Temple.
  5164 | D:6      | Reached skill level 8 in Unarmed Combat
  5470 | D:6      | Reached skill level 9 in Unarmed Combat
  5494 | Temple   | Entered the Ecumenical Temple
  5700 | Temple   | Became a worshipper of the Wu Jian Council
  5749 | D:6      | You fall into a shaft and drop 3 floors!
  5750 | D:9      | Noticed a hippogriff
  5760 | D:9      | Killed a hippogriff
  5760 | D:9      | Gained mutation: A weak demonic guardian rushes to your
                  | aid. [demonic ancestry]
  5760 | D:9      | Reached XP level 9. HP: 69/71 MP: 7/9
  5796 | D:9      | Noticed a two-headed ogre
  5827 | D:7      | Found Boqab's General Store.
  6313 | D:7      | Found Riroihotsi's Weapon Shoppe.
  6376 | D:7      | Found a faded altar of an unknown god.
  6376 | D:7      | Found a snail-covered altar of Cheibriados.
  6387 | D:7      | Found a glowing silver altar of Zin.
  6389 | D:7      | Found an iron altar of Okawaru.
  6391 | D:7      | Found an ancient bone altar of Kikubaaqudgha.
  6434 | D:7      | Found Avod's Weapon Shoppe.
  6469 | D:7      | Found Jucuem's Antique Armour Shop.
  6599 | D:7      | Reached skill level 10 in Unarmed Combat
  6627 | D:7      | Found Miuguiph's Antique Weapon Boutique.
  6715 | D:7      | Found a shattered altar of Ashenzari.
  7102 | D:8      | Noticed a two-headed ogre
  7122 | D:8      | Killed a two-headed ogre
  7252 | D:8      | Reached skill level 11 in Unarmed Combat
  7297 | D:8      | Gained mutation: You regenerate magic rapidly. [demonic
                  | ancestry]
  7297 | D:8      | Reached XP level 10. HP: 58/81 MP: 10/10
  7714 | D:9      | Reached * piety under Wu Jian
  8247 | D:9      | Killed a two-headed ogre
  8247 | D:9      | Reached skill level 12 in Unarmed Combat
  8573 | D:9      | Reached ** piety under Wu Jian
  8980 | D:10     | Entered Level 10 of the Dungeon
  9280 | D:10     | Found a staircase to the Orcish Mines.
  9281 | D:10     | Reached *** piety under Wu Jian
  9315 | D:10     | Reached skill level 10 in Fighting
  9489 | D:10     | Noticed an unseen horror
  9497 | D:10     | Killed an unseen horror
  9497 | D:10     | Reached XP level 11. HP: 71/89 MP: 11/11
  9510 | D:10     | Noticed an unseen horror
  9517 | D:10     | Killed an unseen horror
  9734 | D:10     | Reached **** piety under Wu Jian
  9886 | D:10     | Reached skill level 13 in Unarmed Combat
 10554 | D:11     | Noticed a cyan ugly thing
 10556 | D:11     | Noticed a brown ugly thing
 10583 | D:11     | Killed a cyan ugly thing
 10590 | D:11     | Killed a brown ugly thing
 10707 | D:11     | Found a staircase to the Lair.
 10707 | D:11     | Noticed an oklob plant
 10732 | D:11     | Found a frozen archway.
 10764 | IceCv    | Entered an ice cave
 12552 | IceCv    | Reached skill level 14 in Unarmed Combat
 12953 | IceCv    | Noticed a frost giant
 12953 | IceCv    | Noticed a death yak
 12979 | IceCv    | Killed a death yak
 12994 | IceCv    | Killed a frost giant
 12994 | IceCv    | Gained mutation: You have very sharp fingernails. [demonic
                  | ancestry]
 12994 | IceCv    | Reached XP level 12. HP: 31/100 MP: 4/12
 13003 | IceCv    | Slain by a yak

Levels and vault maps discovered:
D:1:      lightli_arrival_lavapool, layout_basic
D:2:      layout_basic
D:3:      layout_loops_ring, nicolae_overflow_hidden_temple,
          chequers_ecumenical_altar_grove, uniq_robin, uniq_sigmund
D:4:      layout_rooms, kennysheep_mini, serial_glass, glass_columns_a,
          glass_columns_a, glass_columns_b, glass_columns_a, glass_columns_b,
          glass_columns_b
D:5:      layout_basic, first_ration
D:6:      layout_loops_ring, minmay_temple_entry_arrows
D:7:      layout_loops_ring, chequers_temple_overflow_minitemple,
          lemuel_doored_altar, serial_shops, shop, kennysheep_mini_moat, shop,
          shop_fountains, shop
D:8:      layout_cave_pools, blue_anna_alchemist [blue_anna_fruit_fields,
          blue_anna_fruit_fields], minivault_27
D:9:      layout_loops_ring
D:10:     layout_irregular_city, zombieorc2_lemuel, patterned_corridor
D:11:     layout_long_grid, dpeg_oklobed_lair, portal_ice_cave_entry_pillars_1
Temple:   regret_index_temple_generic_petals
IceCv:    ice_cave_caverns_03

Skill      XL: |  1  2  3  4  5  6  7  8  9 10 11 |
---------------+----------------------------------+-----
Unarmed Combat | 3 4 5 6 7 9 11 12 14 | 14.5
Fighting       | 3 4 5 7 8 10 11 | 11.6
Throwing       | |  1.7
Dodging        | |  2.6

Action                   |  1- 3 |  4- 6 |  7- 9 | 10-12 || total
-------------------------+-------+-------+-------+-------++-------
Melee: Unarmed           |   166 |   182 |   204 |   496 ||  1048
       Kick              |    32 |    47 |    79 |   207 ||   365
       Punch             |       |     3 |    12 |    30 ||    45
       Headbutt          |       |       |    50 |   125 ||   175
Invok: Lunge             |       |       |     6 |    56 ||    62
       Whirlwind         |       |       |       |    12 ||    12
Evoke: Wand              |       |       |     6 |     7 ||    13
  Use: Scroll            |     7 |     5 |     4 |     7 ||    23
       Potion            |       |     5 |       |     3 ||     8
 Stab: Distracted        |       |       |       |     2 ||     2
  Eat: Chunk             |     3 |     6 |     7 |    29 ||    45
       Ration            |       |       |     1 |     1 ||     2
Armor: Leather armour    |    41 |    54 |     1 |       ||    96
       Scale mail        |       |       |    62 |   113 ||   175
Dodge: Dodged            |   101 |   141 |    82 |   179 ||   503

Table legend:
 A = Non-vault XP
 B = Vault XP
 C = Vault XP percentage of total XP
 D = Non-vault monster count
 E = Vault monster count
 F = Vault count percentage of total count
                 A         B        C        D         E       F
            +---------+---------+-------+---------+---------+-------
      Total |   13247 |   10776 |  44.9 |     261 |      84 |  24.3
            +---------+---------+-------+---------+---------+-------
        D:1 |      30 |       0 |   0.0 |      16 |       0 |   0.0
        D:2 |      49 |       0 |   0.0 |      26 |       0 |   0.0
        D:3 |     103 |     279 |  73.0 |      21 |      13 |  38.2
        D:4 |     227 |       0 |   0.0 |      12 |       0 |   0.0
        D:5 |     487 |       0 |   0.0 |      16 |       0 |   0.0
        D:6 |    1622 |       0 |   0.0 |      42 |       0 |   0.0
        D:7 |     961 |       0 |   0.0 |      16 |       0 |   0.0
        D:8 |    1504 |      95 |   5.9 |      13 |       1 |   7.1
        D:9 |    3875 |       0 |   0.0 |      52 |       0 |   0.0
       D:10 |    2815 |     846 |  23.1 |      31 |      36 |  53.7
       D:11 |    1574 |       0 |   0.0 |      16 |       0 |   0.0
      IceCv |       0 |    9556 | 100.0 |       0 |      34 | 100.0
            +---------+---------+-------+---------+---------+-------
